 Dungeon Sprint DCSS version 0.31-a0-486-g8d68a81214 (webtiles) character file.

Game seed: 4723607322956426376

467212 rocky1 the Shapeless Octopus (level 21, -3/183 HPs)
             Began as an Octopode Shapeshifter on Aug 8, 2023.
             Was an Initiate of Gozag.
             Slain by Antaeus (5 damage)
             ... in the Dungeon (Sprint IX: "|||||||||||||||||||||||||||||").
             The game lasted 00:45:53 (14674 turns).

rocky1 the Shapeless Octopus (OpSh)                Turns: 14674, Time: 00:45:54

Health: -3/183     AC: 16    Str: 15    XL:     21   Next: 15%
Magic:  52/52      EV: 39    Int: 23    God:    Gozag
Gold:   8521       SH:  0    Dex: 16    Spells: 28/74 levels left

rFire   + +          .
                       - Unarmed
rCold   + + +        (no shield)
rNeg    + + +        (helmet restricted)
rPois   ∞            t - amulet of Naxt {RegenMP SInv}
rElec   +            E - ring "Hepudwaejo" {rC++ EV+5}
rCorr   +            O - +2 ring of slaying
SInv    +            q - +4 ring of protection
Will    ++...        s - ring "Nivi" {rF+ Int+6}
Stlth   ++++++++++   r - +4 ring of protection
HPRegen 0.50/turn    y - +4 ring of protection
MPRegen 0.73/turn    z - ring of Faubb {rElec rF++ rCorr AC+3 Stlth-}
                     A - +5 ring of evasion

%: no teleportation
@: death-form, frozen, very slow
A: vile attack, torment immunity, no potions, almost no armour, amphibious, 8
rings, camouflage 1, gelatinous body 1, (nimble swimmer 1), tentacles, heat
vulnerability 1
}: 9/17 runes: decaying, serpentine, barnacled, slimy, elven, silver, golden,
abyssal, gossamer
a: Siphon Essence, Begin Untransformation, Renounce Religion, Potion Petition,
Call Merchant, Bribe Branch


You were in the Dungeon.
You worshipped Gozag.
Gozag was greatly pleased with you.
You were an undying horror.
You visited 1 branch You collected 50909 gold pieces.
You spent 26553 gold pieces at shops.
You paid 15835 gold pieces to Gozag.

Inventory:

Hand Weapons
 S - the +3 Elemental Staff {ele, rElec rF+ rC+ AC+3}
   (You found it in the Dungeon)

   AC:        It affects your AC (+3).
   rF:        It protects you from fire.
   rC:        It protects you from cold.
   rElec:     It insulates you from electricity.
Missiles
 x - 4 datura-tipped darts (quivered)
 D - 3 throwing nets
Jewellery
 q - a +4 ring of protection (on tentacle)
 r - a +4 ring of protection (on tentacle)
 s - the ring "Nivi" (on tentacle) {rF+ Int+6}
   (You bought it in a shop in the Dungeon)

   [ring of intelligence]

   Int:       It affects your intelligence (+6).
   rF:        It protects you from fire.
 t - the amulet of Naxt (around mantle) {RegenMP SInv}
   (You bought it in a shop in the Dungeon)

   [amulet of magic regeneration]

   It increases your rate of magic regeneration.
   SInv:      It lets you see invisible.
 y - a +4 ring of protection (on tentacle)
 z - the ring of Faubb (on tentacle) {rElec rF++ rCorr AC+3 Stlth-}
   (You found it in the Dungeon)

   [ring of protection]

   AC:        It affects your AC (+3).
   rF:        It greatly protects you from fire.
   rElec:     It insulates you from electricity.
   rCorr:     It protects you from acid and corrosion.
   Stlth:     It makes you less stealthy.
 A - a +5 ring of evasion (on tentacle)
 C - a ring of protection from fire
 E - the ring "Hepudwaejo" (left tentacle) {rC++ EV+5}
   (You bought it in a shop in the Dungeon)

   [ring of evasion]

   EV:        It affects your evasion (+5).
   rC:        It greatly protects you from cold.
 N - the ring of the Mage {Wiz Archmagi}
   (You bought it in a shop in the Dungeon)

   [ring of wizardry]

   It improves your spell success rate.
   Archmagi:  It increases the power of your magical spells.
 O - a +2 ring of slaying (right tentacle)
 P - a ring of magical power
 Q - a +6 ring of intelligence
 W - the ring of the Lobster {Drain Fly Str+4 Int+3 Stlth+}
   (You found it in the Dungeon)

   [ring of flight]

   Str:       It affects your strength (+4).
   Int:       It affects your intelligence (+3).
   Fly:       It grants you flight.
   Drain:     It drains your maximum health when unequipped.
   Stlth:     It makes you more stealthy.
 X - the ring "Sofierix" {rF++ rCorr MP+9}
   (You found it in the Dungeon)

   [ring of magical power]

   rF:        It greatly protects you from fire.
   MP:        It affects your magic capacity (+9).
   rCorr:     It protects you from acid and corrosion.
 Y - the amulet of Dishonesty {RegenMP Rampage rElec}
   (You found it in the Dungeon)

   [amulet of magic regeneration]

   It increases your rate of magic regeneration.
   rElec:     It insulates you from electricity.
   Rampage:   It bestows one free step when moving towards enemies.
 Z - the ring "Onivuoda" {Fire Will- rCorr Dex+5 SInv}
   (You found it in the Dungeon)

   [ring of fire]

   It enhances your fire magic.
   Dex:       It affects your dexterity (+5).
   rF:        It protects you from fire.
   rC:        It makes you vulnerable to cold.
   SInv:      It lets you see invisible.
   rCorr:     It protects you from acid and corrosion.
   Will:      It decreases your willpower.
Talismans
 b - a beast talisman
 u - a talisman of death (active)
 I - a granite talisman
 J - a storm talisman
 M - a serpent talisman
Wands
 R - a wand of iceblast (4)
 T - a wand of charming (12)
Scrolls
 d - 4 scrolls of fog
 i - 2 scrolls of amnesia
 m - 2 scrolls of fear
 o - 9 scrolls of enchant weapon
 p - 6 scrolls of enchant armour
Potions
 a - 6 potions of might
 c - 12 potions of curing
 e - 13 potions of haste
 f - 9 potions of magic
 g - 7 potions of berserk rage
 h - 2 potions of mutation
 k - 7 potions of heal wounds
 l - 3 potions of resistance
 v - a potion of cancellation
 w - 3 potions of brilliance
 G - a potion of enlightenment
 L - 2 potions of invisibility
Miscellaneous
 V - a phantom mirror


   Skills:
 O Level 27 Fighting
 - Level 14.5 Staves
 - Level 0.2 Throwing
 O Level 27 Dodging
 O Level 27 Stealth
 O Level 27 Unarmed Combat
 O Level 27 Spellcasting
 - Level 16.7 Conjurations
 + Level 15.4 Necromancy
 O Level 27 Fire Magic
 - Level 10.1 Earth Magic
 - Level 16.0 Evocations
 O Level 27 Shapeshifting


You had 28 spell levels left.
You knew the following spells:

 Your Spells              Type           Power      Damage    Failure   Level
a - Plasma Beam           Fire/Air       37%        2x1d51    1%          6
b - Ignition              Fire           50%        3d14      1%          8
c - Blink                 Tloc           62%        N/A       1%          2
d - Silence               Hex/Air        15%        N/A       26%         5
e - Borgnjor's Revivific  Necr           40%        N/A       12%         8
f - Death's Door          Necr           40%        N/A       88%         9
g - Lehudib's Crystal Sp  Conj/Erth      37%        10d9      26%         8

Your spell library contained the following spells:

 Spells                   Type           Power      Damage    Failure   Level
 Foxfire                  Conj/Fire      100%       2x1d9     0%          1
 Kiss of Death            Conj/Necr      100%       2d13      0%          1
 Inner Flame              Hex/Fire       75%        N/A       0%          3
 Flame Wave               Conj/Fire      93%        2d20      0%          4
 Sticky Flame             Conj/Fire      93%        2d10      0%          4
 Apportation              Tloc           62%        N/A       1%          1
 Cigotuvi's Dreadful Rot  Necr/Pois/Air  100%       N/A       1%          2
 Lesser Beckoning         Tloc           62%        N/A       1%          2
 Momentum Strike          Conj/Tloc      100%       3d10      1%          2
 Ignite Poison            Fire/Tmut/Pois 64%        N/A       1%          3
 Mephitic Cloud           Conj/Pois/Air  54%        N/A       1%          3
 Dispel Undead            Necr           80%        3d26      1%          4
 Agony                    Necr           80%        N/A       1%          5
 Arcjolt                  Conj/Air       31%        1d41      1%          5
 Iskenderun's Battlesphe  Conj           83%        2d13      1%          5
 Lee's Rapid Deconstruct  Erth           33%        3d17*     1%          5
 Death Channel            Necr           40%        N/A       1%          6
 Leda's Unmaking          Conj/Erth      37%        9d7       1%          6
 Starburst                Conj/Fire      46%        6d13      1%          6
 Confusing Touch          Hex            31%        N/A       3%          3
 Gell's Gravitas          Tloc           31%        N/A       3%          3
 Portal Projectile        Hex/Tloc       62%        N/A       3%          3
 Summon Guardian Golem    Hex/Summ       31%        N/A       3%          3
 Swiftness                Air            31%        N/A       3%          3
 Teleport Other           Tloc           31%        N/A       3%          3
 Olgreb's Toxic Radiance  Pois           31%        N/A       10%         4
 Passage of Golubria      Tloc           31%        N/A       10%         4
 Summon Lightning Spire   Summ/Air       31%        N/A       10%         4
 Alistair's Intoxication  Tmut/Pois      20%        N/A       26%         5
 Spellforged Servitor     Conj/Summ      31%        N/A       26%         7
 Haunt                    Necr/Summ      30%        N/A       34%         7
 Dispersal                Tloc           15%        N/A       83%         6
 Summon Hydra             Summ           15%        N/A       100%        7
 Animate Armour           Summ/Erth      Unusable   N/A       N/A         4

Dungeon Overview and Level Annotations

Branches:
Dungeon (1/1)

Altars:
Cheibriados
Dithmenos
Elyvilon
Fedhas
Gozag
Hepliaklqana
Kikubaaqudgha
Makhleb
Nemelex Xobeh
Okawaru
Qazlal
Ru
Sif Muna
Trog
Uskayaw
Vehumet
Wu Jian
Xom
Yredelemnul
Zin
The Shining One
Jiyva
Lugonu

Shops:
D =*((===!==(:

Annotations:
D Antaeus, Ereshkigal, Gloorx Vloq


Innate Abilities, Weirdness & Mutations

You are an undying horror.
Your melee and unarmed attacks drain, slow and weaken victims.
You are immune to unholy pain and torment.
You cannot drink.
You are immune to poison.
You cannot wear most types of armour.
You are amphibious.
You can wear up to eight rings at the same time.
Your skin changes colour to match your surroundings (Stealth+).
Your rubbery body absorbs attacks. (AC +1, EV +1)
((You are camouflaged when in or above water. (Stealth+)))
You have tentacles for arms and can constrict up to eight enemies at once.
You are vulnerable to heat. (rF-)


Message History

Geryon is heavily wounded.
Geryon barely misses you.
You thrash Geryon!!!
Geryon decays.
Geryon is severely wounded.
You batter Geryon!!
Geryon decays.
You squeeze Geryon, but do no damage.
Geryon is severely wounded.
You thrash Geryon!!!
Geryon decays.
You tentacle-slap Geryon!
Geryon is almost dead.
Geryon completely misses you.
You thrash Geryon!!!
You kill Geryon!
Your Necromancy skill increases to level 15!
You now have 8521 gold pieces (gained 234).
You see here the horn of Geryon.
You open the door.
Antaeus and Gloorx Vloq come into view.
Found an icy rune of Zot and a dark rune of Zot.
Ereshkigal, Queen of Tartarus comes into view.
Found a bone rune of Zot.
There is an open door here.
Unknown command.
The helpless Antaeus fails to defend himself.
You thrash Antaeus!!!
Antaeus decays.
Your tentacle-slap misses Antaeus.
You squeeze Antaeus, but do no damage.
Antaeus is lightly wounded.
You see here the horn of Geryon.
There is an open door to Hell & Pan here.
Antaeus is no longer moving slowly.
Antaeus is no longer weakened.
Antaeus attacks as you move away! Antaeus completely misses you. x2
Antaeus attacks as you move away! Antaeus hits you!!! Antaeus freezes you!
You resist. Antaeus hits you! Antaeus freezes you! You resist.
Antaeus attacks as you move away! Antaeus completely misses you. x2
Antaeus gestures at you. The icy flash freeze hits you!! You partially resist.
You are encased in ice.
Antaeus hits you!!!
* * * LOW HITPOINT WARNING * * *
Antaeus freezes you. You resist.
You die...
Your body crumbles into a pile of gold.

.▓.▓$▓.▓.▓.▓.▓.▓.▓
)▓.▓$▓.▓)▓.▓.▓.▓.▓
.▓.▓$▓.▓)▓.▓.▓.▓.▓
[▓.▓$▓.▓)▓.▓.▓.▓.▓
'▓.▓)▓.▓)▓.▓.▓.▓.▓
[▓.▓'▓.▓)▓.▓.▓.▓.▓
.▓.▓.▓.▓)▓.▓.▓.▓.▓
[▓.▓.▓.▓)▓.▓.▓.▓.▓
.▓.▓.▓.▓)▓.▓.▓.▓z▓
)▓.▓.▓.▓)▓.▓'▓.▓C▓
.▓.▓.▓.▓)▓.▓.▓.▓.▓
.▓.▓.▓.▓)▓.▓.▓.▓.▓
[▓.▓.▓.▓'▓.▓.▓.▓.▓
'▓.▓.▓.▓.▓.▓.▓.▓'▓
[▓.▓.▓.▓.▓.▓.▓.▓}▓
.▓.▓.▓.▓.▓.▓.▓.▓'▓
[▓.▓.▓.▓.▓.▓.▓.▓φ▓


You could see Antaeus.

Vanquished Creatures
  the Royal Jelly (D)
  5 ancient liches (D)
  4 orbs of fire (D)
  Mara (D)
  6 royal mummies (D)
  Sojobo (D)
  Boris (D)
  Frederick (D)
  Margery (D)
  Geryon (D)
  5 golden dragons (D)
  Jory (D)
  Nikola (D)
  A bone dragon (D)
  3 electric golems (D)
  Rupert (D)
  A tentacled monstrosity (D)
  28 Orb Guardians (D)
  5 liches (D)
  7 acid blobs (D)
  A walking frostbound tome (D)
  A deep elf blademaster (D)
  A quicksilver dragon (D)
  4 deep elf master archers (D)
  13 sphinxes (D)
  Kirke (D)
  3 death cobs (D)
  2 tengu reavers (D)
  Aizul (D)
  3 storm dragons (D)
  7 shadow dragons (D)
  4 azure jellies (D)
  Ilsuiw (D)
  4 nagarajas (D)
  11 rockslimes (D)
  A draconian knight (D)
  4 deep elf sorcerers (D)
  8 vault wardens (D)
  An iron dragon (D)
  3 draconian scorchers (D)
  Louise (D)
  2 draconian stormcallers (D)
  6 ghost moths (D)
  8 emperor scorpions (D)
  4 draconian shifters (D)
  A frost giant (D)
  4 very ugly things (D)
  3 ironbound preservers (D)
  3 draconian annihilators (D)
  A formless jellyfish (D)
  2 quicksilver oozes (D)
  A deep elf demonologist (D)
  8 stone giants (D)
  8 vampire knights (D)
  4 green draconians (D)
  2 eleionomae (D)
  Azrael (D)
  5 black draconians (D)
  A dire elephant (D)
  A bunyip (D)
  2 yellow draconians (D)
  2 purple draconians (D)
  2 white draconians (D)
  3 mummy priests (D)
  3 merfolk impalers (D)
  3 merfolk javelineers (D)
  2 deep elf death magi (D)
  4 deep elf high priests (D)
  4 fire dragons (D)
  2 ettins (D)
  A yaktaur captain (D)
  A great orb of eyes (D)
  2 ice dragons (D)
  2 rakshasas (D)
  25 vault guards (D)
  A peacekeeper (D)
  Harold (D)
  9 hydras (D)
  2 centaur warriors (D)
  Erica (D)
  2 spriggan air magi (D)
  2 boulder beetles (D)
  2 death knights (D)
  A merfolk avatar (D)
  4 merfolk aquamancers (D)
  2 vampire magi (D)
  An alligator (D)
  2 tengu warriors (D)
  5 naga warriors (D)
  2 shock serpents (D)
  A naga sharpshooter (D)
  3 demonic crawlers (D)
  3 deep troll earth magi (D)
  3 spriggan berserkers (D)
  A thrashing horror (D)
  3 hell knights (D)
  A pharaoh ant (D)
  A skeletal warrior (D)
  A sea snake (D)
  A sixfirhy (D)
  A goliath frog (D)
  A wretched star (D)
  A wizard (D)
  3 swamp dragons (D)
  A bog body (D)
  A steelbarb worm (D)
  3 ironbound convokers (D)
  A naga ritualist (D)
  A glowing orange brain (D)
  A phantasmal warrior (D)
  3 necromancers (D)
  2 orc knights (D)
  A mana viper (D)
  3 wolf spiders (D)
  2 ugly things (D)
  7 orc sorcerers (D)
  2 will-o-the-wisps (D)
  A cyclops (D)
  3 manticores (D)
  An elephant (D)
  6 moths of wrath (D)
  5 naga magi (D)
  5 vault sentinels (D)
  An orange demon (D)
  2 black mambas (D)
  5 cane toads (D)
  A water nymph (shapeshifter) (D)
  A gargoyle (D)
  2 rime drakes (D)
  A freezing wraith (D)
  A tengu conjurer (D)
  19 guardian mummies (D)
  A wandering mushroom (D)
  5 merfolk (D)
  A troll (D)
  A polar bear (D)
  2 snapping turtles (D)
  3 jumping spiders (D)
  2 slime creatures (D)
  11 spriggans (D)
  A wraith (D)
  A culicivora (D)
  A wyvern (D)
  A golden eye (D)
  A large abomination (D)
  2 yaks (D)
  A chaos spawn (D)
  A redback (D)
  4 vampire mosquitoes (D)
  2 nagas (D)
  2 acid dragons (D)
  3 water moccasins (D)
  A floating eye (D)
  6 hell hounds (D)
  12 orc warriors (D)
  3 swamp drakes (D)
  3 black bears (D)
  An ice beast (D)
  A centaur (D)
  A wolf (D)
  4 bullfrogs (D)
  A wight (D)
  4 orc priests (D)
  An iron imp (D)
  7 orc wizards (D)
  2 adders (D)
  8 orcs (D)
  2 endoplasms (D)
  2 kobolds (D)
  A frilled lizard (D)
522 creatures vanquished.

Notes
Turn   | Place    | Note
-------+----------+-------------------------------------------
     0 | D        | rocky1 the Octopode Shapeshifter began the quest for the
                  | Orb.
     0 | D        | Reached XP level 1. HP: 13/13 MP: 1/1
    19 | D        | Noticed a black bear
    19 | D        | Noticed a black bear
    30 | D        | Reached XP level 2. HP: 18/18 MP: 2/2
    35 | D        | Killed a black bear
    36 | D        | Reached skill level 1 in Stealth
    36 | D        | Reached XP level 3. HP: 23/23 MP: 3/3
    36 | D        | Reached XP level 4. HP: 28/28 MP: 4/4
    45 | D        | Killed a black bear
    46 | D        | Reached XP level 5. HP: 33/33 MP: 5/5
   258 | D        | Found a snail-covered altar of Cheibriados.
   258 | D        | Found a shadowy altar of Dithmenos.
   258 | D        | Found a white marble altar of Elyvilon.
   258 | D        | Found a blossoming altar of Fedhas.
   258 | D        | Found an opulent altar of Gozag.
   259 | D        | Found a hazy altar of Hepliaklqana.
   260 | D        | Found a viscous altar of Jiyva.
   261 | D        | Found an ancient bone altar of Kikubaaqudgha.
   262 | D        | Found a corrupted altar of Lugonu.
   263 | D        | Found a burning altar of Makhleb.
   264 | D        | Found a sparkling altar of Nemelex Xobeh.
   265 | D        | Found an iron altar of Okawaru.
   266 | D        | Became a worshipper of Gozag Ym Sagoz the Greedy
   267 | D        | Found a stormy altar of Qazlal.
   268 | D        | Found a sacrificial altar of Ru.
   269 | D        | Found a shimmering blue altar of Sif Muna.
   270 | D        | Found a bloodstained altar of Trog.
   271 | D        | Found a hide-covered altar of Uskayaw.
   272 | D        | Found a radiant altar of Vehumet.
   273 | D        | Found an ornate altar of the Wu Jian Council.
   274 | D        | Found a shimmering altar of Xom.
   275 | D        | Found a basalt altar of Yredelemnul.
   276 | D        | Found a glowing silver altar of Zin.
   277 | D        | Found a glowing golden altar of the Shining One.
   303 | D        | Noticed a yak
   303 | D        | Noticed a troll
   303 | D        | Noticed a gargoyle
   303 | D        | Noticed a wraith
   303 | D        | Noticed an acid dragon
   307 | D        | Reached XP level 6. HP: 28/38 MP: 6/6
   307 | D        | Killed a yak
   307 | D        | Killed a wraith
   308 | D        | Reached skill level 5 in Dodging
   308 | D        | Reached skill level 1 in Evocations
   308 | D        | Reached XP level 7. HP: 33/44 MP: 7/7
   310 | D        | Killed a troll
   311 | D        | Reached skill level 10 in Unarmed Combat
   319 | D        | Killed a gargoyle
   320 | D        | Reached skill level 5 in Stealth
   320 | D        | Reached skill level 10 in Shapeshifting
   320 | D        | Reached XP level 8. HP: 37/51 MP: 8/8
   626 | D        | Noticed a green ugly thing
   626 | D        | Noticed a tengu warrior
   626 | D        | Noticed a green ugly thing
   626 | D        | Noticed a slime creature
   626 | D        | Noticed a skeletal warrior
   631 | D        | Killed a green ugly thing
   639 | D        | Killed a tengu warrior
   640 | D        | Reached XP level 9. HP: 25/57 MP: 9/9
   644 | D        | Killed a green ugly thing
   856 | D        | Killed a skeletal warrior
  1084 | D        | Reached XP level 10. HP: 63/63 MP: 10/10
  1089 | D        | Reached skill level 15 in Unarmed Combat
  1383 | D        | Bought a +4 ring of protection for 576 gold pieces
  1389 | D        | Noticed a five-headed hydra
  1389 | D        | Noticed a cane toad
  1389 | D        | Noticed a cane toad
  1390 | D        | Noticed an elephant
  1394 | D        | Reached skill level 5 in Fighting
  1394 | D        | Reached skill level 10 in Stealth
  1396 | D        | Killed a five-headed hydra
  1711 | D        | Killed a cane toad
  1712 | D        | Noticed a black mamba
  1782 | D        | Killed an elephant
  1783 | D        | Killed a cane toad
  1788 | D        | Killed a black mamba
  1789 | D        | Reached XP level 11. HP: 34/73 MP: 11/11
  2014 | D        | Bought a +4 ring of protection for 576 gold pieces
  2014 | D        | Bought the ring "Nivi" {rF+ Int+6} for 800 gold pieces
  2038 | D        | Reached skill level 10 in Dodging
  2745 | D        | Bought a talisman of death for 1819 gold pieces
  2889 | D        | Noticed an orc knight
  3193 | D        | Killed an orc knight
  3539 | D        | Found Plog's General Store.
  3539 | D        | Noticed an orc sorcerer
  3539 | D        | Noticed an orc sorcerer
  3539 | D        | Noticed an orc sorcerer
  3539 | D        | Noticed an orc sorcerer
  3540 | D        | Noticed an orc sorcerer
  3541 | D        | Killed an orc sorcerer
  3542 | D        | Found Iceigrisi's Antique Weapon Shoppe.
  3545 | D        | Killed an orc sorcerer
  3549 | D        | Killed an orc sorcerer
  3554 | D        | Killed an orc sorcerer
  3555 | D        | Found Renist's Antique Weapon Emporium.
  3557 | D        | Killed an orc sorcerer
  3560 | D        | Found Jetherr's Jewellery Shoppe.
  3575 | D        | Noticed an orc sorcerer
  3576 | D        | Noticed an orc sorcerer
  3580 | D        | Killed an orc sorcerer
  3586 | D        | Killed an orc sorcerer
  3640 | D        | Bought a potion of cancellation for 104 gold pieces
  3640 | D        | Bought a potion of brilliance for 52 gold pieces
  3640 | D        | Bought a potion of haste for 130 gold pieces
  3640 | D        | Bought 4 datura-tipped darts for 46 gold pieces
  3646 | D        | Bought a +4 ring of protection for 468 gold pieces
  3646 | D        | Bought a ring of willpower for 325 gold pieces
  3646 | D        | Bought a +5 ring of evasion for 468 gold pieces
  3646 | D        | Bought a ring of protection from cold for 325 gold pieces
  3646 | D        | Bought a ring of protection from fire for 325 gold pieces
  3792 | D        | Noticed Erica
  3798 | D        | Killed Erica
  3799 | D        | Reached XP level 12. HP: 84/84 MP: 12/12
  3801 | D        | Noticed Harold
  3810 | D        | Killed Harold
  3908 | D        | Noticed a centaur warrior
  3908 | D        | Noticed a boulder beetle
  3910 | D        | Noticed a boulder beetle
  3922 | D        | Killed a boulder beetle
  3934 | D        | Killed a centaur warrior
  3939 | D        | Noticed a death knight
  3973 | D        | Killed a boulder beetle
  4193 | D        | Killed a death knight
  4200 | D        | Noticed a vampire mage
  4209 | D        | Killed a vampire mage
  4218 | D        | Noticed a fire dragon
  4226 | D        | Noticed a white very ugly thing
  4239 | D        | Killed a white very ugly thing
  4247 | D        | Killed a fire dragon
  4490 | D        | Noticed a stone giant
  4502 | D        | Killed a stone giant
  4506 | D        | Reached skill level 10 in Fighting
  5072 | D        | Bought the amulet of Naxt {RegenMP SInv} for 659 gold
                  | pieces
  5373 | D        | Bought the ring "Hepudwaejo" {rC++ EV+5} for 786 gold
                  | pieces
  5411 | D        | Noticed Azrael
  5430 | D        | Killed Azrael
  5431 | D        | Reached XP level 13. HP: 43/92 MP: 13/13
  5754 | D        | Reached skill level 15 in Shapeshifting
  6057 | D        | Noticed an eleionoma
  6057 | D        | Noticed a bunyip
  6057 | D        | Noticed an eleionoma
  6060 | D        | Killed an eleionoma
  6068 | D        | Killed an eleionoma
  6079 | D        | Killed a bunyip
  6798 | D        | Bought a granite talisman for 1120 gold pieces
  6798 | D        | Bought a storm talisman for 1591 gold pieces
  7053 | D        | Noticed a stone giant
  7053 | D        | Noticed a stone giant
  7053 | D        | Noticed a lich
  7054 | D        | Noticed a white very ugly thing
  7057 | D        | Killed a stone giant
  7058 | D        | Reached XP level 14. HP: 106/106 MP: 14/14
  7064 | D        | Noticed a stone giant
  7066 | D        | Killed a stone giant
  7070 | D        | Killed a lich
  7076 | D        | Noticed a frost giant
  7079 | D        | Noticed a lich
  7081 | D        | Killed a stone giant
  7084 | D        | Noticed a stone giant
  7086 | D        | Noticed a brown very ugly thing
  7088 | D        | Killed a white very ugly thing
  7100 | D        | Killed a frost giant
  7106 | D        | Killed a lich
  7107 | D        | Reached skill level 15 in Fighting
  7109 | D        | Killed a brown very ugly thing
  7113 | D        | Killed a stone giant
  7354 | D        | Noticed an ironbound preserver
  7354 | D        | Noticed a vault warden
  7354 | D        | Noticed a vault warden
  7354 | D        | Noticed an ironbound preserver
  7358 | D        | Killed an ironbound preserver
  7359 | D        | Noticed a dire elephant
  7363 | D        | Killed a vault warden
  7368 | D        | Killed a vault warden
  7370 | D        | Killed an ironbound preserver
  7372 | D        | Noticed a vault warden
  7374 | D        | Killed a dire elephant
  7377 | D        | Noticed a vault warden
  7385 | D        | Killed a vault warden
  7386 | D        | Noticed a sphinx
  7388 | D        | Killed a vault warden
  7389 | D        | Noticed a vault warden
  7397 | D        | Noticed a formless jellyfish
  7401 | D        | Killed a formless jellyfish
  7411 | D        | Killed a sphinx
  7413 | D        | Killed a vault warden
  7414 | D        | Reached XP level 15. HP: 94/120 MP: 15/15
  7703 | D        | Noticed Louise
  7711 | D        | Killed Louise
  7826 | D        | Bought a potion of haste for 120 gold pieces
  7826 | D        | Bought a potion of curing for 36 gold pieces
  7826 | D        | Bought a potion of enlightenment for 60 gold pieces
  7826 | D        | Bought a potion of resistance for 120 gold pieces
  7826 | D        | Bought a potion of invisibility for 96 gold pieces
  7826 | D        | Bought a potion of heal wounds for 60 gold pieces
  7872 | D        | Noticed Kirke
  7882 | D        | Killed Kirke
  7927 | D        | Noticed Frederick
  7937 | D        | Killed Frederick
  7965 | D        | Noticed Ilsuiw
  8021 | D        | Killed Ilsuiw
  8025 | D        | Got a barnacled rune of Zot
  8322 | D        | Got a decaying rune of Zot
  8356 | D        | Noticed a nagaraja
  8356 | D        | Noticed a nagaraja
  8360 | D        | Noticed a nagaraja
  8360 | D        | Killed a nagaraja
  8371 | D        | Noticed a nagaraja
  8376 | D        | Killed a nagaraja
  8387 | D        | Killed a nagaraja
  8388 | D        | Reached skill level 1 in Spellcasting
  8393 | D        | Killed a nagaraja
  8426 | D        | Got a serpentine rune of Zot
  8475 | D        | Noticed an emperor scorpion
  8475 | D        | Noticed an emperor scorpion
  8475 | D        | Noticed an emperor scorpion
  8475 | D        | Noticed an emperor scorpion
  8491 | D        | Killed an emperor scorpion
  8498 | D        | Killed an emperor scorpion
  8500 | D        | Killed an emperor scorpion
  8501 | D        | Reached XP level 16. HP: 135/135 MP: 21/23
  8504 | D        | Reached skill level 5 in Spellcasting
  8552 | D        | Got a gossamer rune of Zot
  8615 | D        | Noticed Aizul
  8636 | D        | Killed Aizul
  8754 | D        | Reached skill level 27 in Shapeshifting
  8766 | D        | Reached skill level 10 in Spellcasting
  8864 | D        | Bought a potion of curing for 48 gold pieces
  8864 | D        | Bought a potion of haste for 160 gold pieces
  8864 | D        | Bought a potion of heal wounds for 80 gold pieces
  8864 | D        | Bought a potion of heal wounds for 80 gold pieces
  8864 | D        | Bought a potion of heal wounds for 80 gold pieces
  8864 | D        | Bought a potion of might for 64 gold pieces
  8864 | D        | Bought a potion of haste for 160 gold pieces
  8864 | D        | Bought a potion of might for 64 gold pieces
  8868 | D        | Bought the ring of the Mage {Wiz Archmagi} for 1071 gold
                  | pieces
  8868 | D        | Found the ring of the Mage {Wiz Archmagi}
  8868 | D        | Bought a ring of magical power for 420 gold pieces
  8868 | D        | Bought a +6 ring of intelligence for 756 gold pieces
  8881 | D        | Noticed a shadow dragon
  8896 | D        | Noticed a shadow dragon
  8907 | D        | Killed a shadow dragon
  8915 | D        | Noticed a shadow dragon
  8924 | D        | Killed a shadow dragon
  8934 | D        | Killed a shadow dragon
  8945 | D        | Found the +3 Elemental Staff {ele, rElec rF+ rC+ AC+3}
  9104 | D        | Noticed a shadow dragon
  9104 | D        | Noticed a quicksilver dragon
  9104 | D        | Noticed a shadow dragon
  9104 | D        | Noticed a shadow dragon
  9105 | D        | Noticed a golden dragon
  9116 | D        | Noticed a shadow dragon
  9119 | D        | Noticed an ancient lich
  9120 | D        | Killed a quicksilver dragon
  9124 | D        | Killed a shadow dragon
  9125 | D        | Reached XP level 17. HP: 149/149 MP: 32/34
  9138 | D        | Killed a golden dragon
  9144 | D        | Killed an ancient lich
  9146 | D        | Identified the +7 plate armour of Wickick {Regen+}
  9154 | D        | Reached skill level 15 in Dodging
  9169 | D        | Got a silver rune of Zot
  9174 | D        | Got the Atlas of the Vapourous Gathering
  9254 | D        | Noticed Nikola
  9260 | D        | Killed Nikola
  9277 | D        | Noticed Margery
  9282 | D        | Noticed Rupert
  9286 | D        | Killed Margery
  9300 | D        | Killed Rupert
  9366 | D        | Bought the Secrets of the Postmodern Seers for 960 gold
                  | pieces
  9366 | D        | Bought a book of Touch for 440 gold pieces
  9366 | D        | Bought a book of Party Tricks for 320 gold pieces
  9366 | D        | Bought a book of Spatial Translocations for 360 gold pieces
  9366 | D        | Bought a manual of Fire Magic for 1600 gold pieces
  9366 | D        | Bought an Everburning Encyclopedia for 720 gold pieces
  9474 | D        | Learned a level 6 spell: Plasma Beam
  9483 | D        | Learned a level 8 spell: Ignition
  9491 | D        | Got the ring of the Lobster {Drain Fly Str+4 Int+3 Stlth+}
  9493 | D        | Got the ring "Sofierix" {rF++ rCorr MP+9}
  9495 | D        | Got the amulet of Dishonesty {RegenMP Rampage rElec}
  9497 | D        | Got the ring "Onivuoda" {Fire Will- rCorr Dex+5 SInv}
  9513 | D        | Got the ring of Faubb {rElec rF++ rCorr AC+3 Stlth-}
  9615 | D        | Noticed Boris
  9624 | D        | Killed Boris
  9625 | D        | Reached skill level 15 in Spellcasting
  9627 | D        | Noticed Sojobo
  9646 | D        | Killed Sojobo
  9685 | D        | Noticed Mara
  9697 | D        | Killed Mara
  9698 | D        | Noticed Jory
  9708 | D        | Killed Jory
  9754 | D        | Noticed a walking frostbound tome
  9756 | D        | Reached skill level 27 in Unarmed Combat
  9777 | D        | Killed a walking frostbound tome
  9814 | D        | Noticed a golden dragon
  9815 | D        | Noticed a bone dragon
  9836 | D        | Killed a bone dragon
  9841 | D        | Killed a golden dragon
  9860 | D        | Reached skill level 27 in Fighting
  9864 | D        | Reached XP level 18. HP: 157/163 MP: 38/40
  9902 | D        | Noticed a golden dragon
  9908 | D        | Killed a golden dragon
  9920 | D        | Reached skill level 5 in Fire Magic
  9956 | D        | Noticed an electric golem
  9970 | D        | Killed an electric golem
  9974 | D        | Reached skill level 10 in Fire Magic
 10104 | D        | Noticed a tentacled monstrosity
 10119 | D        | Killed a tentacled monstrosity
 10644 | D        | Bought Hyhah's Grimoire of Invincibility for 880 gold
                  | pieces
 10644 | D        | Bought a Necronomicon for 1080 gold pieces
 10646 | D        | Bought a potion of berserk rage for 85 gold pieces
 10646 | D        | Bought a potion of haste for 170 gold pieces
 10646 | D        | Bought a potion of heal wounds for 85 gold pieces
 10646 | D        | Bought a potion of brilliance for 68 gold pieces
 10646 | D        | Bought a potion of invisibility for 136 gold pieces
 10924 | D        | Noticed an Orb Guardian
 10924 | D        | Noticed an Orb Guardian
 10924 | D        | Noticed an Orb Guardian
 10924 | D        | Noticed an Orb Guardian
 10924 | D        | Noticed an Orb Guardian
 10924 | D        | Noticed an Orb Guardian
 10925 | D        | Noticed an Orb Guardian
 10926 | D        | Killed an Orb Guardian
 10929 | D        | Killed an Orb Guardian
 10930 | D        | Noticed an Orb Guardian
 10933 | D        | Killed an Orb Guardian
 10934 | D        | Noticed an Orb Guardian
 10938 | D        | Killed an Orb Guardian
 10939 | D        | Noticed an Orb Guardian
 10943 | D        | Killed an Orb Guardian
 10946 | D        | Killed an Orb Guardian
 10948 | D        | Killed an Orb Guardian
 10949 | D        | Reached skill level 15 in Fire Magic
 10953 | D        | Killed an Orb Guardian
 10956 | D        | Killed an Orb Guardian
 10958 | D        | Killed an Orb Guardian
 11050 | D        | Noticed an Orb Guardian
 11050 | D        | Noticed an Orb Guardian
 11051 | D        | Noticed an Orb Guardian
 11053 | D        | Noticed an Orb Guardian
 11058 | D        | Killed an Orb Guardian
 11060 | D        | Killed an Orb Guardian
 11078 | D        | Killed an Orb Guardian
 11079 | D        | Killed an Orb Guardian
 11103 | D        | Noticed an ancient lich
 11105 | D        | Killed an ancient lich
 11106 | D        | Reached XP level 19. HP: 157/170 MP: 44/44
 11134 | D        | Noticed an orb of fire
 11137 | D        | Killed an orb of fire
 11138 | D        | Reached skill level 27 in Dodging
 11140 | D        | Noticed an electric golem
 11143 | D        | Killed an electric golem
 11247 | D        | Noticed an electric golem
 11247 | D        | Noticed a golden dragon
 11247 | D        | Noticed an ancient lich
 11248 | D        | Noticed an orb of fire
 11251 | D        | Noticed an orb of fire
 11251 | D        | Killed an orb of fire
 11257 | D        | Killed an ancient lich
 11261 | D        | Killed an electric golem
 11269 | D        | Noticed an ancient lich
 11277 | D        | Killed an orb of fire
 11279 | D        | Noticed an ancient lich
 11282 | D        | Killed a golden dragon
 11286 | D        | Killed an ancient lich
 11287 | D        | Noticed a golden dragon
 11290 | D        | Killed an ancient lich
 11298 | D        | Killed a golden dragon
 11312 | D        | Noticed an orb of fire
 11327 | D        | Gained mutation: You are vulnerable to heat. (rF-) [an orb
                  | of fire]
 11336 | D        | Killed an orb of fire
 11601 | D        | Reached skill level 27 in Spellcasting
 11677 | D        | Learned a level 2 spell: Blink
 11720 | D        | Bought a There-And-Back Book for 570 gold pieces
 11720 | D        | Bought a book of Iron for 608 gold pieces
 11720 | D        | Bought the Writings on Assembled Places for 608 gold pieces
 11720 | D        | Bought a book of Fire for 608 gold pieces
 11720 | D        | Bought a book of Flames for 532 gold pieces
 11720 | D        | Bought a book of Power for 798 gold pieces
 11720 | D        | Bought a manual of Conjurations for 1520 gold pieces
 11720 | D        | Bought a book of the Moon for 760 gold pieces
 11726 | D        | Learned a level 5 spell: Silence
 11735 | D        | Learned a level 8 spell: Borgnjor's Revivification
 11745 | D        | Learned a level 9 spell: Death's Door
 11766 | D        | Reached skill level 15 in Stealth
 11786 | D        | Reached XP level 20. HP: 162/177 MP: 51/51
 11988 | D        | Reached skill level 27 in Fire Magic
 12036 | D        | Got an elven rune of Zot
 12627 | D        | Reached skill level 27 in Stealth
 12627 | D        | Noticed the Royal Jelly
 12630 | D        | Paralysed by a floating eye for 2 turns
 12631 | D        | Reached skill level 5 in Evocations
 12646 | D        | Reached skill level 5 in Staves
 12646 | D        | Reached skill level 5 in Necromancy
 12667 | D        | Killed the Royal Jelly
 12668 | D        | Reached skill level 10 in Evocations
 12703 | D        | Reached skill level 10 in Staves
 12721 | D        | Reached skill level 10 in Necromancy
 12739 | D        | Got a slimy rune of Zot
 12996 | D        | Learned a level 8 spell: Lehudib's Crystal Spear
 13097 | D        | Reached skill level 1 in Earth Magic
 13104 | D        | Reached skill level 5 in Conjurations
 13104 | D        | Paralysed by a sphinx for 2 turns
 13131 | D        | Reached skill level 10 in Conjurations
 13135 | D        | Reached skill level 5 in Earth Magic
 13665 | D        | Noticed a royal mummy
 13665 | D        | Noticed a royal mummy
 13665 | D        | Noticed a royal mummy
 13665 | D        | Noticed a royal mummy
 13666 | D        | Noticed a royal mummy
 13668 | D        | Killed a royal mummy
 13669 | D        | Noticed a royal mummy
 13675 | D        | Killed a royal mummy
 13684 | D        | HP: 7/173 [royal mummy/divine providence (10)]
 14098 | D        | Killed a royal mummy
 14099 | D        | Reached skill level 15 in Conjurations
 14099 | D        | Reached skill level 15 in Evocations
 14131 | D        | Killed a royal mummy
 14132 | D        | Reached XP level 21. HP: 181/183 MP: 52/52
 14141 | D        | Killed a royal mummy
 14169 | D        | Killed a royal mummy
 14236 | D        | Got a golden rune of Zot
 14381 | D        | Reached skill level 10 in Earth Magic
 14403 | D        | Got an abyssal rune of Zot
 14652 | D        | Noticed Geryon
 14660 | D        | Killed Geryon
 14661 | D        | Reached skill level 15 in Necromancy
 14663 | D        | Noticed Antaeus
 14663 | D        | Noticed Gloorx Vloq
 14664 | D        | Noticed Ereshkigal
 14674 | D        | HP: 2/183 [Antaeus (67)]
 14674 | D        | Slain by Antaeus

Illustrated notes

Levels and vault maps discovered:
D:        linesprint [early_d, line_temple, items_1, d_10, items_2, lair_1,
          lair_end, items_3, orc_1, orc_end, items_4, d_15, swamp_1, shoals_1,
          snake_1, spider_1, d_20, vaults_1, items_5, swamp_end, shoals_end,
          snake_end, spider_end, vaults_end, d_27, items_6, zot_1, zot_end,
          crypt_end, forest_end, elf_end, slime_end, tomb_end, abyss_end,
          pan_hell_end]

Skill      XL: |  1  2  3  4  5  6  7  8  9 10 11 12 13 14 15 16 17 18 19 20 21 |
---------------+----------------------------------------------------------------+-----
Dodging        | 3 4 5 6 8 9 10 11 13 19 26 27 | 27.0
Stealth        | 1 2 3 4 5 7 9 11 12 13 17 27 | 27.0
Unarmed Combat | 6 7 8 9 11 12 14 17 21 24 25 27 | 27.0
Shapeshifting  | 6 7 9 10 11 12 18 22 25 27 | 27.0
Evocations     | 1 2 4 15 16 | 16.0
Fighting       | 2 3 6 8 10 13 17 20 24 27 | 27.0
Spellcasting   | 4 13 18 21 27 | 27.0
Fire Magic     | 16 26 27 | 27.0
Staves         | 13 14 | 14.5
Necromancy     | 13 15 | 15.4
Conjurations   | 15 16 | 16.7
Earth Magic    | 8 10 | 10.1
Throwing       | |  0.2

Action                     |  1- 3 |  4- 6 |  7- 9 | 10-12 | 13-15 | 16-18 | 19-21 || total
---------------------------+-------+-------+-------+-------+-------+-------+-------++-------
  Melee: Unarmed           |    21 |    17 |    39 |   245 |   414 |   516 |   428 ||  1680
         Constrict         |     1 |     1 |     6 |    48 |    54 |    37 |    25 ||   172
         Tentacles         |       |       |    13 |    73 |   115 |    87 |    80 ||   368
         Punch             |       |       |     3 |    46 |    96 |   112 |    97 ||   354
  Throw: Dart              |       |       |       |     2 |       |       |       ||     2
 Invoke: Call Merchant     |       |       |       |     2 |     2 |     6 |     1 ||    11
         Potion Petition   |       |       |       |       |       |       |     2 ||     2
Ability: Siphon Essence    |       |       |       |       |       |     1 |     1 ||     2
         Blinkbolt         |       |       |       |       |       |     1 |     1 ||     2
  Evoke: Wand              |       |     3 |     2 |     3 |     1 |     1 |       ||    10
    Use: Potion            |     1 |       |     4 |     1 |     1 |       |     1 ||     8
         Scroll            |       |       |     2 |     1 |       |     1 |     2 ||     6
   Stab: Sleeping          |     1 |       |     1 |     5 |     4 |     4 |    11 ||    26
         Invisible         |       |       |     3 |       |       |       |       ||     3
         Distracted        |       |       |       |       |     9 |     6 |     8 ||    23
 Armour: Skin              |    20 |    10 |     1 |    23 |    57 |    38 |    31 ||   180
  Dodge: Dodged            |     3 |     8 |    31 |   111 |   277 |   303 |   268 ||  1001
   Form: Statue            |       |       |       |       |     2 |       |       ||     2
                           |       |       |       |       |     1 |       |     1 ||     2
         Death             |       |       |       |       |     1 |       |     2 ||     3
         Storm             |       |       |       |       |       |     1 |     2 ||     3

Table legend: (Time is in decaauts) A = Elapsed time spent in this place. B = Non-inter-level travel time spent in this place. C = Inter-level travel time spent in this place. D = Time resting spent in this place. E = Time spent auto-exploring this place. F = Levels seen in this place. G = Mean time per level. A B C D E F G +--------+--------+--------+--------+--------+-----+--------+ Total | 14043 | 12755 | 1288 | 7138 | 0 | 1 | 14043.0 | Dungeon | 14043 | 12755 | 1288 | 7138 | 0 | 1 | 14043.0 | +--------+--------+--------+--------+--------+-----+--------+

Top non-repeatable levels by time:
       D: 14043 daAuts
